 Dungeon Crawl Stone Soup version 0.19-a0-1673-g1c1b307 (webtiles) character file.

4450 DevlanMud the Carver (level 10, -2/72 HPs)
             Began as a Tengu Berserker on Sept 22, 2016.
             Was a High Priest of Trog.
             Slain by a cyan ugly thing (17 damage)
             ... on level 8 of the Dungeon.
             The game lasted 00:32:53 (8535 turns).

DevlanMud the Carver (Tengu Berserker)              Turns: 8535, Time: 00:32:55

Health: -2/72      AC: 12    Str: 20    XL:     10   Next: 37%
Magic:  12/12      EV: 10    Int:  7    God:    Trog [*****.]
Gold:   530        SH:  9    Dex: 15    Spells: 0 memorised, 9 levels left

rFire  . . .     SeeInvis .     a - +1 falchion (elec)
rCold  . . .     Gourm    .     C - +2 scale mail {rPois}
rNeg   . . .     Faith    .     x - +0 shield
rPois  +         Spirit   .     (helmet restricted)
rElec  .         Dismiss  .     n - +1 cloak {MR+}
rCorr  .         Reflect  .     r - +0 pair of gloves
MR     +....     Harm     .     (boots unavailable)
Stlth  +.........               i - amulet of magic regeneration
                                (no ring)
                                (no ring)

@: no status effects
A: beak, talons 3, blurry vision 1, regeneration 1, robust 2, able to fly 1
a: Fly, Berserk, Trog's Hand, Brothers in Arms, Burn Spellbooks, Renounce
Religion


You were on level 8 of the Dungeon.
You worshipped Trog.
Trog was extremely pleased with you.
You were very hungry.

You visited 1 branch of the dungeon, and saw 8 of its levels.
You also visited: Sewer and Ossuary.

You collected 548 gold pieces.
You spent 18 gold pieces at shops.

Inventory:

Hand Weapons
 a - a +1 falchion of electrocution (weapon)
 b - a +2 short sword of flaming
Armour
 n - a +1 cloak of magic resistance (worn)
 r - a +0 pair of gloves (worn)
 x - a +0 shield (worn)
 C - a +2 scale mail of poison resistance (worn)
Jewellery
 i - an amulet of magic regeneration (around neck)
Wands
 f - a wand of teleportation (4/9)
 h - a wand of heal wounds (3/9)
 o - a wand of flame (9/48)
Scrolls
 d - a scroll of remove curse
 j - 3 scrolls of teleportation
 k - 3 scrolls of fear
 q - 3 scrolls of fog
 t - a scroll of enchant weapon
 y - 2 scrolls of enchant armour
 B - 5 scrolls of identify
 E - a scroll of holy word {unknown}
Potions
 e - 4 potions of brilliance
 g - a potion of cancellation
 l - a potion of curing
 m - 2 potions of flight
 s - a potion of cure mutation
 u - 3 potions of magic
 v - a potion of haste
Comestibles
 c - 8 bread rations
 p - 3 meat rations
 z - 5 beef jerkies
 A - 9 royal jellies
 D - 3 fruits


   Skills:
 + Level 5.7 Fighting
 * Level 12.9 Long Blades
 + Level 4.7 Armour
 + Level 5.3 Dodging
 - Level 2.0 Stealth
 * Level 3.0 Shields
 + Level 2.0 Evocations


You had 9 spell levels left.
You didn't know any spells.

Dungeon Overview and Level Annotations

Branches:
Dungeon (8/15)             Temple (0/1) D:4
   Lair: D:8-11

Altars:
Gozag
Kikubaaqudgha
Okawaru
Qazlal
Vehumet

Shops:
D:4 [   D:6 *


Innate Abilities, Weirdness & Mutations

You have a beak for a mouth.
You have claws for feet.
You can fly.
Scrolls take you a little longer to read.
Your natural rate of healing is unusually fast.
You are very robust. (+20% HP)


Message History

You block the cyan ugly thing's attack.
You slash the cyan ugly thing! Your kick misses the cyan ugly thing.
The cyan ugly thing is moderately wounded.
The cyan ugly thing barely misses you.
You riposte.
You closely miss the cyan ugly thing. Your peck misses the cyan ugly thing.
The cyan ugly thing is moderately wounded.
You're too hungry to go berserk.
You slash the cyan ugly thing! Your kick misses the cyan ugly thing.
Your peck misses the cyan ugly thing.
The cyan ugly thing is heavily wounded.
The cyan ugly thing bites you. The cyan ugly thing shocks you!
You hit the cyan ugly thing.
The cyan ugly thing is heavily wounded.
The cyan ugly thing bites you. The cyan ugly thing shocks you!
You see here 23 gold pieces.
You now have 530 gold pieces (gained 23).
The cyan ugly thing bites you!
* * * LOW HITPOINT WARNING * * *
The cyan ugly thing shocks you!
You die...

##.##.#. #### #.....#
#...... ..# ##.###..
###.....### #.# ##.#.###.
#...<......##.###.###.##.
#...†.##.........# #...
#....s#####<###.###.##.
###.#.# #......# ## #
#...#u###########.#
#.#.###.@......# ## #.#.#
########.# #.#.## #....#
###..#.# #......#
#.####.# #. #.# # #.#


You could see a cyan ugly thing and a scorpion.

Vanquished Creatures
  The ghost of HunfridMar the Sneak, a novice SpMo of Cheibriados (Sewer)
  Prince Ribbit (D:6)
  A hippogriff (D:8)
  Edmund (D:6)
  2 soldier ants (D:8)
  A water moccasin (D:8)
  An orc warrior (D:8)
  A black bear (D:6)
  A phantom (D:8)
  2 sky beasts
  3 ogres
  A centaur (D:4)
  2 big kobolds
  4 bullfrogs
  7 water moccasin zombies (Ossuary)
  3 scorpions
  5 killer bees (D:8)
  3 howler monkeys
  5 crimson imps
  Crazy Yiuf (D:6)
  4 hounds
  A bullfrog zombie (D:8)
  5 orc wizards
  An orc priest (D:8)
  A bullfrog skeleton (D:6)
  2 iguanas (D:4)
  9 worker ants
  2 hound zombies (D:6)
  2 mummies (Ossuary)
  A worker ant zombie (D:5)
  3 gnolls (D:5)
  18 adders
  6 river rats
  3 oozes (Sewer)
  7 adder zombies (Ossuary)
  2 adder skeletons
  2 worms
  2 dart slugs
  7 leopard geckos
  23 orcs
  6 ball pythons
  8 giant cockroaches
  11 goblins
  6 hobgoblins
  16 jackals
  16 kobolds
  A quokka (D:2)
  A ball python skeleton (D:5)
  11 bats
  6 frilled lizards
  3 gnoll zombies (Ossuary)
  5 hobgoblin zombies (Ossuary)
  A jackal skeleton (D:4)
  4 kobold zombies (Ossuary)
  2 leopard gecko zombies (D:8)
  An orc zombie (Ossuary)
  A quokka skeleton (D:7)
  A quokka zombie (D:6)
  14 rats
261 creatures vanquished.

Notes
Turn   | Place    | Note
-------+----------+-------------------------------------------
     0 | D:1      | DevlanMud the Tengu Berserker began the quest for the Orb.
     0 | D:1      | Reached XP level 1. HP: 14/14 MP: 2/2
   187 | D:1      | Reached XP level 2. HP: 15/19 MP: 3/3
   521 | D:1      | Reached skill level 4 in Long Blades
   662 | D:1      | Reached XP level 3. HP: 23/23 MP: 4/4
  1071 | D:2      | Reached ** piety under Trog
  1939 | D:2      | Reached XP level 4. HP: 25/28 MP: 5/5
  2573 | D:3      | Reached skill level 5 in Long Blades
  2943 | D:3      | Gained mutation: You can fly. [Tengu growth]
  2943 | D:3      | Reached XP level 5. HP: 31/32 MP: 6/6
  3277 | D:4      | Found a staircase to the Ecumenical Temple.
  3283 | D:4      | Noticed a centaur
  3285 | D:4      | Reached *** piety under Trog
  3293 | D:4      | Killed a centaur
  3293 | D:4      | Reached skill level 6 in Long Blades
  3293 | D:4      | Reached XP level 6. HP: 21/38 MP: 7/7
  3317 | D:4      | Found Jonoenk's Armour Shop.
  3326 | D:4      | Bought a cursed +0 pair of gloves for 18 gold pieces
  3413 | D:4      | Found a sand-covered staircase.
  3428 | Ossuary  | Entered an ossuary
  3747 | Ossuary  | Reached skill level 7 in Long Blades
  3747 | Ossuary  | Reached XP level 7. HP: 11/42 MP: 8/8
  4093 | Ossuary  | Reached skill level 8 in Long Blades
  4093 | Ossuary  | Reached skill level 1 in Stealth
  4269 | Ossuary  | Gained mutation: You are weak. (Str -2) [potion of mutation]
  4269 | Ossuary  | Gained mutation: Your natural rate of healing is unusually fast. [potion of mutation]
  4269 | Ossuary  | Gained mutation: You are robust. (+10% HP) [potion of mutation]
  4538 | D:4      | Reached XP level 8. HP: 44/52 MP: 9/9
  4741 | D:4      | Reached **** piety under Trog
  5097 | D:5      | Entered Level 5 of the Dungeon
  5143 | D:5      | Found an opulent altar of Gozag.
  5318 | D:5      | Reached skill level 9 in Long Blades
  5318 | D:5      | Reached skill level 1 in Evocations
  5993 | D:6      | Found a glowing drain.
  6011 | Sewer    | Entered a sewer
  6098 | Sewer    | Reached skill level 10 in Long Blades
  6190 | Sewer    | Reached ***** piety under Trog
  6197 | Sewer    | Noticed HunfridMar's ghost (novice SpMo)
  6233 | Sewer    | Killed HunfridMar's ghost
  6233 | Sewer    | Reached XP level 9. HP: 35/57 MP: 11/11
  6604 | D:6      | Noticed Edmund
  6611 | D:6      | Killed Edmund
  6611 | D:6      | Reached skill level 11 in Long Blades
  6832 | D:6      | Noticed Prince Ribbit
  6842 | D:6      | Killed Prince Ribbit
  6931 | D:6      | Lost mutation: You are weak. (Str -2) [potion of mutation]
  6931 | D:6      | Gained mutation: Scrolls take you a little longer to read. [potion of mutation]
  6931 | D:6      | Gained mutation: You are very robust. (+20% HP) [potion of mutation]
  7061 | D:6      | Found a runed door.
  7065 | D:6      | Noticed Crazy Yiuf
  7076 | D:6      | Killed Crazy Yiuf
  7076 | D:6      | Reached skill level 5 in Fighting
  7182 | D:6      | Found Canorax's General Store.
  7413 | D:7      | Found a radiant altar of Vehumet.
  7416 | D:7      | Found an ancient bone altar of Kikubaaqudgha.
  7422 | D:7      | Found an iron altar of Okawaru.
  7743 | D:7      | Found a stormy altar of Qazlal.
  7851 | D:8      | Reached skill level 1 in Shields
  7996 | D:8      | Reached skill level 12 in Long Blades
  8003 | D:8      | Reached skill level 5 in Dodging
  8165 | D:8      | Reached XP level 10. HP: 69/70 MP: 12/12
  8492 | D:8      | Received a gift from Trog
  8521 | D:8      | Noticed a cyan ugly thing
  8535 | D:8      | Slain by a cyan ugly thing

Vault maps used:
D:1:      matt_arrival_diagonals
D:2:      serial_co_window_serial, co_window_of_opportunity_a,
          co_window_paths_a, co_window_paths_b, co_window_corner_a,
          co_window_paths_a, co_window_2corner, co_window_2corner,
          co_window_broadway_b, co_window_paths_d, co_window_paths_e,
          glass_columns_c, glass_columns_a, glass_columns_b, glass_columns_a,
          glass_columns_a, first_bread
D:4:      serial_shops, shop, chequers_ossuary_entry_cave
D:5:      grunt_gozag_statues, roderic_lattice_a, corexii_corridor_pit
D:6:      serial_shops, nicolae_shop_behind_doors, gup_sewer_entry_bubbles,
          uniq_prince_ribbit1, uniq_edmund, uniq_crazy_yiuf_cottage
D:7:      nicolae_qazlal_eye_of_the_storm, grunt_temple_overflow_diamond
D:8:      hangedman_pestilent_swarm
Sewer:    sewer_co_15_rooms
Ossuary:  ossuary_tomb_2

Skill      XL: |  1  2  3  4  5  6  7  8  9 10 |
---------------+-------------------------------+-----
Long Blades    | 4 5 6 7 8 10 12 | 12.9
Armour         | 3 4 |  4.7
Dodging        | 3 4 5 |  5.3
Fighting       | 4 5 |  5.7
Stealth        | 1 2 |  2.0
Evocations     | 2 |  2.0
Shields        | 1 3 |  3.0

Action                   |  1- 3 |  4- 6 |  7- 9 | 10-12 || total
-------------------------+-------+-------+-------+-------++-------
Melee: Falchion          |   105 |   214 |   617 |   110 ||  1046
       Kick              |    19 |    57 |   156 |    35 ||   267
       Peck              |    17 |    34 |   106 |    21 ||   178
Invok: Trog's Hand       |       |     2 |       |       ||     2
       Berserk           |       |       |     1 |       ||     1
 Abil: Fly               |       |     1 |     2 |       ||     3
Evoke: Wand              |       |       |     8 |       ||     8
  Use: Scroll            |     6 |     5 |     7 |     1 ||    19
       Potion            |     1 |     2 |    10 |       ||    13
 Stab: Sleeping          |       |       |     5 |       ||     5
  Eat: Chunk             |     3 |     6 |    14 |       ||    23
       Pizza             |       |     1 |       |       ||     1
       Royal jelly       |       |       |     1 |       ||     1
Armor: Animal skin       |     4 |       |       |       ||     4
       Leather armour    |    25 |    43 |    73 |     5 ||   146
       Scale mail        |       |       |       |    10 ||    10
Dodge: Dodged            |    54 |   111 |   276 |    24 ||   465
Block: Shield            |       |       |    38 |    27 ||    65
